[Event "NJSK 2023 Jeugd B"]
[Site "Almelo, Netherlands"]
[Date "2023.05.03"]
[Round "4.2"]
[White "Van Egmond, Tom"]
[Black "Kumar, Prajit Sai"]
[Result "1/2-1/2"]
[TimeControl "90min/40moves + 30min + 30sec/move"]
[WhiteElo "1767"]
[BlackElo "2228"]

1. d4 d5 2. c4 e6 3. Nc3 h6 4. g3 Nf6 5. Bg2 Nc6 6. Nf3 Bd6 7. b3 O-O 8. O-O Re8 9. Qc2 dxc4 10.
bxc4 e5 11. dxe5 Nxe5 12. Nb5 Qe7 13. Nxd6 cxd6 14. Ba3 Nxf3+ 15. Bxf3 Bg4 16. Rad1 Red8 17. Qd3 Bxf3 18. exf3 Ne8 19.
Rfe1 Qg5 20. Re4 Qg6 21. Qd2 h5 22. Rd4 b6 23. c5 bxc5 24. Bxc5 Qf5 25. Bxd6 1/2-1/2

[Event "NJSK 2023 Jeugd B"]
[Site "Almelo, Netherlands"]
[Date "2023.05.03"]
[Round "4.3"]
[White "Labruyere, Roger"]
[Black "Niemeijer, Leon"]
[Result "1-0"]
[TimeControl "90min/40moves + 30min + 30sec/move"]
[WhiteElo "2160"]
[BlackElo "1903"]

1. e4 e6 2. d4 d5 3. Nd2 c5 4.
Ngf3 cxd4 5. exd5 Qxd5 6. Bc4 Qd7 7. Nb3 Nc6 8. Nbxd4 Nxd4 9. Nxd4 a6 10. O-O Bd6 11. Bb3 Qc7 12.
h4 b5 13. c3 Nf6 14. Bg5 Ne4 15. Qe2 Nxg5 16. hxg5 O-O 17. Rfd1 Bf4 18. Bc2 g6 19. Nf3 Bb7 20. Be4 Bxe4 21.
Qxe4 Rfd8 22. a4 Rab8 23. axb5 Rxd1+ 24. Rxd1 Rxb5 25. b4 Bxg5 26. c4 Rf5 27. Nxg5 Rxg5 28. Qa8+ Kg7 29. Qxa6 Rg4 30.
Qa1+ e5 31. Rc1 f6 32. Qc3 Qc6 33. g3 h5 34. b5 Qc5 35. Qe3 Qxe3 36. fxe3 Rxg3+ 37. Kf2 Rh3 38. c5 h4 39. c6 Rh2+ 40. Kg1 Ra2 41. c7 Ra8 42.
c8=Q Rxc8 43. Rxc8 1-0

[Event "NJSK 2023 Jeugd B"]
[Site "Almelo, Netherlands"]
[Date "2023.05.03"]
[Round "4.4"]
[White "Van Hesselingen, Guido"]
[Black "Smeets, Kobe"]
[Result "0-1"]
[TimeControl "90min/40moves + 30min + 30sec/move"]
[WhiteElo "1924"]
[BlackElo "2094"]

1. e4 c5 2. Nf3 e6 3. c3 Nf6 4. e5 Nd5 5. d4 cxd4 6. cxd4 d6 7. a3 Bd7 8. Bd3 Bc6 9. O-O Nd7 10.
Re1 Be7 11. Nbd2 dxe5 12. dxe5 Nc5 13. Bc2 Nf4 14. Nc4 Qxd1 15. Rxd1 Ne2+ 16. Kh1 Nxc1 17. Raxc1 Rd8 18. Rd4 O-O 19.
Rcd1 b5 20. Nd6 Bxd6 21. Rxd6 Bd5 22. Rxd8 Rxd8 23. b4 Nd7 24. Nd4 Rc8 25. f4 Nb6 26. Bb3 a6 27. f5 Nc4 28. fxe6 fxe6 29.
Rc1 Rf8 30. Kg1 Rf4 31. Nf3 g5 32. h3 Bxf3 33. gxf3 Rxf3 34. Bxc4 bxc4 35. Kg2 Rf4 36. a4 Re4 37. Kf3 Rf4+ 38.
Kg3 Rd4 39. b5 axb5 40. axb5 h5 41. Rc3 Rd5 42. b6 Rb5 43. Rxc4 Rxb6 44. h4 Rb3+ 45. Kg2 g4 46. Rc8+ Kg7 47.
Rc7+ Kg6 48. Re7 Kf5 49. Rh7 Kf4 50. Rf7+ Kxe5 51. Rh7 Kf4 52. Rf7+ Ke4 53. Rf6 Ke5 54. Rh6 Kf5 55. Rxh5+ Kf4 56.
Ra5 Rb2+ 57. Kf1 e5 58. Ra8 Kg3 59. h5 Rh2 60. Rh8 e4 61. Re8 Rxh5 62. Rxe4 Kf3 0-1

[Event "NJSK 2023 Jeugd B"]
[Site "Almelo, Netherlands"]
[Date "2023.05.03"]
[Round "4.5"]
[White "Ponomarev, Ivan"]
[Black "Bakija, Alan"]
[Result "0-1"]
[TimeControl "90min/40moves + 30min + 30sec/move"]
[WhiteElo "1788"]
[BlackElo "1999"]

1. c4 c6 2. d4 d5 3. Nf3 Nf6 4. Nc3 dxc4 5. a4 Bf5 6. Ne5 Nbd7 7. Nxc4 Qc7 8. f3 e5 9. dxe5 Nxe5 10.
e4 Be6 11. Nxe5 Qxe5 12. Be3 Rd8 13. Qc1 Bc5 14. f4 Bxe3 15. Qxe3 Qd4 16. Qxd4 Rxd4 17. Rd1 Rb4 18. f5 Bc8 19.
Rd2 Nxe4 20. Re2 Bxf5 21. g4 Bxg4 22. Re3 f5 0-1

[Event "NJSK 2023 Jeugd B"]
[Site "Almelo, Netherlands"]
[Date "2023.05.03"]
[Round "4.6"]
[White "Snijders, Take"]
[Black "Blom, Rens"]
[Result "0-1"]
[TimeControl "90min/40moves + 30min + 30sec/move"]
[WhiteElo "1851"]
[BlackElo "1747"]

1. e4 d6 2. d4 Nf6 3. Nc3 g6 4. Bg5 Bg7 5. Qd2 h6 6. Bh4 O-O 7. O-O-O c6 8. f4 b5 9. e5 b4 10.
exf6 bxc3 11. Qxc3 exf6 12. Bd3 g5 13. Bg3 f5 14. Ne2 c5 15. Qb3 Nc6 16. Qd5 Qb6 17. fxg5 Rb8 18. Qb3 Qd8 19.
Qd5 Qb6 20. b3 Rd8 21. gxh6 Be6 22. h7+ Kh8 23. Qf3 Nxd4 24. Nxd4 Bxd4 25. Bxf5 Qb4 26. Kb1 Bxf5 27. Qxf5 Qc3 28.
Rxd4 Qxd4 29. c3 Qxc3 30. Bh4 Rxb3+ 31. axb3 Qxb3+ 32. Kc1 Qc4+ 33. Kd2 Qd4+ 34. Kc2 Qxh4 35. Qxf7 Rb8 36. Rd1 Qe4+ 37.
Kc3 Qe3+ 38. Kc2 Qe2+ 39. Rd2 Qe4+ 40. Kc3 Qe3+ 41. Kc2 Qe4+ 42. Kc3 Qe5+ 43. Kd3 d5 44. Qxa7 c4+ 45. Kc2 Qe4+ 0-1

[Event "NJSK 2023 Jeugd B"]
[Site "Almelo, Netherlands"]
[Date "2023.05.03"]
[Round "4.7"]
[White "Ritzerveld, Noah"]
[Black "Knippenberg, Hidde"]
[Result "1/2-1/2"]
[TimeControl "90min/40moves + 30min + 30sec/move"]
[WhiteElo "1776"]
[BlackElo "1728"]

1. e4 c5 2. Nf3 g6 3. d4 cxd4 4. Nxd4 Nc6 5. c4 Nf6 6. Nc3 d6 7. Be2 Nxd4 8. Qxd4 Bg7 9. Be3 O-O 10.
Qd2 Be6 11. O-O Rc8 12. b3 b6 13. Rac1 a5 14. f4 Rb8 15. Qe1 Qc8 16. Qf2 Qb7 17. Bf3 Ng4 18. Bxg4 Bxg4 19. Nd5 Be6 20.
Rfd1 Bxd5 21. Rxd5 Qc6 22. Qd2 Rfc8 23. h3 a4 24. e5 dxe5 25. fxe5 axb3 26. axb3 b5 27. cxb5 Qxc1+ 28. Qxc1 Rxc1+ 29. Bxc1 e6 30. Rd7 Bxe5 31.
Bh6 Bg7 32. Be3 Be5 33. b6 h5 34. b7 Re8 35. Ba7 Kg7 36. b4 Bb8 37. Be3 e5 38. b5 e4 39. b6 Be5 40. Rc7 Rb8 41.
Kf1 Kf6 42. Ke2 Ke6 43. Kf2 f6 44. h4 Kf5 45. Rg7 Bd6 46. g3 Be5 47. Bc5 Rd8 48. Rc7 Rb8 49. Kg2 g5 50. hxg5 Kxg5 51.
Be3+ Kg6 52. Kh3 Kf5 53. Bf2 Kg5 54. Be3+ Kg6 55. Kg2 1/2-1/2

[Event "NJSK 2023 Jeugd B"]
[Site "Almelo, Netherlands"]
[Date "2023.05.03"]
[Round "4.8"]
[White "Veraart, Jan"]
[Black "Guillaumond, Matthieu"]
[Result "0-1"]
[TimeControl "90min/40moves + 30min + 30sec/move"]
[WhiteElo "1560"]
[BlackElo "2010"]

1. e4 c5 2. Nc3 e6 3. Nf3 Nc6 4. Bb5 a6 5. Bxc6 bxc6 6. e5 Ne7 7. Ne4 Nd5 8. c4 Nf4 9. d4 Ng6 10.
dxc5 Bxc5 11. O-O Be7 12. b3 O-O 13. Bb2 f5 14. exf6 gxf6 15. c5 Kf7 16. Nfd2 f5 17. Nd6+ Bxd6 18.
cxd6 Qh4 19. Nf3 Qh6 20. Ne5+ Nxe5 21. Bxe5 Rg8 22. Qf3 Bb7 23. Rac1 Rab8 24. Rc5 Ba8 25. a4 Qg6 26. Bg3 h5 27.
h4 Rb4 28. Re1 Rg4 29. Ree5 Rd4 30. Re1 Rd5 31. Rec1 Rd4 32. Re1 Qg4 33. Qxg4 Rdxg4 34. Kh2 f4 35. Bxf4 Rxf4 36. Rxh5 Rxf2 37. Rg1 c5 38. Rh7+ Ke8 39. h5 Bxg2 40. Re7+ Kd8 41.
Rc1 Be4+ 42. Kh3 Bf5+ 0-1

[Event "NJSK 2023 Jeugd B"]
[Site "Almelo, Netherlands"]
[Date "2023.05.04"]
[Round "5.1"]
[White "Labruyere, Roger"]
[Black "Van Foreest, Nanne"]
[Result "1-0"]
[TimeControl "90min/40moves + 30min + 30sec/move"]
[WhiteElo "2160"]
[BlackElo "1893"]

1. e4 c6 2. d4 d5 3. exd5 cxd5 4.
Bd3 Nf6 5. h3 e6 6. Nf3 Nc6 7. c3 Bd6 8. O-O O-O 9. Re1 Qc7 10. Qe2 b6 11. Nbd2 Bb7 12. Ne5 Bxe5 13. dxe5 Nd7 14.
Nf3 h6 15. b3 Rae8 16. Ba3 Ne7 17. Rac1 Nc5 18. Bb1 f5 19. exf6 Rxf6 20. Qe5 Qxe5 21. Nxe5 Bc8 22. c4 dxc4 23.
Rxc4 Ba6 24. Bxc5 Bxc4 25. Bxe7 Rxe7 26. Nxc4 Rd7 27. Be4 b5 28. Ne5 Rd2 29. Ng4 Rf8 30. a4 bxa4 31. bxa4 h5 32.
Ne5 Rfxf2 33. Bf3 Ra2 34. Nc6 Rfd2 35. a5 Rd6 36. Re5 Rc2 37. Nxa7 Ra6 38. Nb5 Rxa5 39. Rxh5 Rb2 40. Bc6 Ra6 41.
Be4 Ra5 42. Bd3 Rd2 43. Bc4 Ra1+ 44. Kh2 Kf7 45. Re5 Rc1 46. Na3 Rd6 47. Be2 Kf6 48. Re3 Rd2 49. Bg4 Rc6 50. Nb5 e5 51.
Nc3 Rd4 52. Ne4+ Ke7 53. Ng3 Kf6 54. Nh5+ Kg5 55. Rxe5+ Kh6 56. Ng3 g6 57. Re7 Rd2 58. Bf3 Rc8 59. Ne4 Rdc2 60. Nf6 R8c7 61.
Ng4+ Kg5 62. Re5+ Kf4 63. Re4+ Kg5 64. Kg3 R7c5 65. Re7 R2c3 66. Rf7 Kh5 67. Nf2+ Kh6 68. Ng4+ Kh5 69. Nf6+ Kh6 70.
Ng8+ 1-0

[Event "NJSK 2023 Jeugd B"]
[Site "Almelo, Netherlands"]
[Date "2023.05.04"]
[Round "5.2"]
[White "Kumar, Prajit Sai"]
[Black "Bakija, Alan"]
[Result "1/2-1/2"]
[TimeControl "90min/40moves + 30min + 30sec/move"]
[WhiteElo "2228"]
[BlackElo "1999"]

1. d4 d5 2. Nf3 Nf6 3. c4 c6 4. g3 Nbd7 5. Bg2 Nb6 6. Nbd2 Bf5 7. b3 h6 8. O-O e6 9. Bb2 Be7 10.
Re1 O-O 11. Ne5 Nbd7 12. Nxd7 Qxd7 13. e4 Nxe4 14. Nxe4 Bxe4 15. Bxe4 dxe4 16. Rxe4 Bf6 17. Qc2 Qc7 18. Rd1 Rad8 19.
b4 Rd7 20. Re2 Rfd8 21. Red2 e5 22. dxe5 Rxd2 23. Rxd2 Rxd2 24. Qxd2 Bxe5 25. Bxe5 Qxe5 26. Qd8+ Kh7 27. Qd3+ Kg8 28.
a3 g6 29. Kg2 h5 30. h3 a6 31. h4 Kg7 32. Kf3 Qf6+ 33. Kg2 Qe5 34. c5 Kf8 35. f4 Qe6 36. Kf3 Qg4+ 37. Kf2 Qe6 38.
Qe3 Qd5 39. Ke2 Qg2+ 40. Kd3 Qd5+ 41. Qd4 Qf3+ 42. Qe3 Qd5+ 43. Kc3 Qa2 44. Kd4 1/2-1/2

[Event "NJSK 2023 Jeugd B"]
[Site "Almelo, Netherlands"]
[Date "2023.05.04"]
[Round "5.3"]
[White "Smeets, Kobe"]
[Black "Van Egmond, Tom"]
[Result "1-0"]
[TimeControl "90min/40moves + 30min + 30sec/move"]
[WhiteElo "2094"]
[BlackElo "1767"]

1. e4 c5 2. Nf3 Nc6 3. d4 cxd4 4. Nxd4 Nf6 5. Nc3 d6 6. Bg5 e6 7. Qd3 Bd7 8. O-O-O a6 9. f4 Be7 10.
Nf3 b5 11. e5 dxe5 12. fxe5 Ng4 13. Bxe7 Qxe7 14. Ne4 Ngxe5 15. Nxe5 Nxe5 16. Qg3 Ng6 17. Qc7 Qd8 18. Nd6+ Kf8 19.
Qxd8+ Rxd8 20. Nb7 Ke7 21. Nxd8 Rxd8 22. Be2 Rc8 23. Rhe1 Bc6 24. g3 Ne5 25. Bxb5 Nf3 26. Bxc6 Nxe1 27.
Be4 f5 28. Rxe1 fxe4 29. Rxe4 Rc5 30. Kd2 Kd6 31. b4 Rf5 32. Ke2 Kd5 33. Rh4 h6 34. c4+ Kd6 35. Rd4+ Kc6 36. Rf4 Rh5 37.
h4 g5 38. Rd4 gxh4 39. Rxh4 Re5+ 40. Kd3 h5 41. Re4 Rg5 42. Rxe6+ Kb7 43. Re3 Kc6 44. Kc3 Kb6 45. Rd3 Kc6 46.
Kb3 Rg4 47. Rc3 Rg5 48. Ka4 Kb6 49. c5+ Kc6 50. Ka5 Rg8 51. Rd3 Rb8 52. a4 1-0

[Event "NJSK 2023 Jeugd B"]
[Site "Almelo, Netherlands"]
[Date "2023.05.04"]
[Round "5.4"]
[White "Van Arendonk, Polle"]
[Black "Blom, Rens"]
[Result "1-0"]
[TimeControl "90min/40moves + 30min + 30sec/move"]
[WhiteElo "1772"]
[BlackElo "1747"]

1. e4 d6 2. d4 Nf6 3. Nc3 g6 4. Nf3 Bg7 5. Be2 O-O 6. O-O Nc6 7. d5 Nb8 8. h3 c6 9. a4 b6 10.
Be3 Bb7 11. Qd2 Nbd7 12. Rad1 Rc8 13. Bc4 cxd5 14. Bxd5 Nxd5 15. exd5 Re8 16. Bd4 Bxd4 17. Nxd4 Ne5 18. b3 Qc7 19.
Ncb5 Qc5 20. c4 a6 21. Nc3 e6 22. Ne4 Qc7 23. Nf6+ Kg7 24. Nxe8+ Rxe8 25. f4 Nd7 26. dxe6 fxe6 27.
Nf3 d5 28. Rfe1 Nf6 29. Ng5 Qc6 30. cxd5 Nxd5 31. Rc1 Qd6 32. Qd4+ Kg8 33. Qh8+ Kxh8 34. Nf7+ Kg7 35. Nxd6 Re7 36.
Nxb7 Rxb7 37. Rxe6 Nxf4 38. Re4 Nd3 39. Rc3 Rd7 40. Kh2 g5 41. Rec4 Nc5 42. a5 Ne6 43. axb6 1-0

[Event "NJSK 2023 Jeugd B"]
[Site "Almelo, Netherlands"]
[Date "2023.05.04"]
[Round "5.5"]
[White "Niemeijer, Leon"]
[Black "Van Hesselingen, Guido"]
[Result "0-1"]
[TimeControl "90min/40moves + 30min + 30sec/move"]
[WhiteElo "1903"]
[BlackElo "1924"]

1. d4 Nf6 2. c4 e6 3. g3 d5 4. Bg2 Be7 5. Nf3 O-O 6. O-O dxc4 7. Ne5 Nc6 8. Nxc6 bxc6 9. Bxc6 Rb8 10.
Nc3 Bb7 11. Bxb7 Rxb7 12. e3 Nd5 13. Qe2 Nxc3 14. bxc3 Qd5 15. e4 Qb5 16. Qc2 c5 17. Ba3 cxd4 18. Bxe7 d3 19. Qb1 Qxb1 20.
Rfxb1 Rxe7 21. Rb4 Rc8 22. Rab1 g6 23.
f3 Kg7 24. Kf2 Rd7 25. Ke3 Kf6 26. Kd2 Rc6 27. R4b2 0-1

[Event "NJSK 2023 Jeugd B"]
[Site "Almelo, Netherlands"]
[Date "2023.05.04"]
[Round "5.6"]
[White "Guillaumond, Matthieu"]
[Black "Ponomarev, Ivan"]
[Result "1-0"]
[TimeControl "90min/40moves + 30min + 30sec/move"]
[WhiteElo "2010"]
[BlackElo "1788"]

1. e4 c5 2. c3 d5 3. exd5 Qxd5 4. d4 e6 5. Na3 Nf6 6. Nf3 Nc6 7. Bc4 Qd8 8. dxc5 Bxc5 9. Qxd8+ Kxd8 10.
Bf4 a6 11. O-O-O+ Bd7 12. Ng5 Ke8 13. f3 b5 14. Bb3 Na5 15. Rhe1 h6 16. Ne4 Nxe4 17. fxe4 Ke7 18. Bxe6 Bxe6 19.
b4 Bb6 20. Bd6+ Kf6 21. bxa5 Bxa5 22. Kb2 Rhc8 23. Re3 Kg6 24. Rf1 Rc6 25. e5 Rac8 26. Rff3 Bb6 27. Rd3 Bf5 28. Rg3+ Kh7 29. Rdf3 g6 30.
Nc2 a5 31. Rf4 Kg7 32. Rxf5 1-0

[Event "NJSK 2023 Jeugd B"]
[Site "Almelo, Netherlands"]
[Date "2023.05.04"]
[Round "5.7"]
[White "Veraart, Jan"]
[Black "Ritzerveld, Noah"]
[Result "0-1"]
[TimeControl "90min/40moves + 30min + 30sec/move"]
[WhiteElo "1560"]
[BlackElo "1776"]

1. e4 e5 2. Nf3 Nc6 3. Bc4 Nf6 4. Ng5 d5 5. exd5 Na5 6. Bb5+ c6 7. dxc6 bxc6 8. Bd3 Nd5 9. h4 h6 10.
Qh5 hxg5 11. Qxh8 Nf4 12. Be4 Bg4 13. d3 Qd4 14. Nc3 f5 15. Bf3 Bxf3 16. gxf3 O-O-O 17. Be3 Nxd3+ 18. cxd3 Qxd3 19.
Qh7 Bb4 20. Bxg5 Nc4 21. Qg6 Kb7 22. Qxg7+ Rd7 23. Qxd7+ Qxd7 24. O-O f4 25. Ne4 Qh3 26. a3 Nd2 27. Nxd2 Bxd2 28. Rfd1 e4 29.
Rxd2 exf3 30. Rd7+ Ka6 0-1

[Event "NJSK 2023 Jeugd B"]
[Site "Almelo, Netherlands"]
[Date "2023.05.04"]
[Round "5.8"]
[White "Knippenberg, Hidde"]
[Black "Snijders, Take"]
[Result "1/2-1/2"]
[TimeControl "90min/40moves + 30min + 30sec/move"]
[WhiteElo "1728"]
[BlackElo "1851"]

1. b3 d5 2. Bb2 Bf5 3. e3 e6 4. Nf3 Nf6 5. Be2 h6 6. d3 Bd6 7. Nbd2 Nbd7 8. O-O O-O 9. c4 c6 10.
Qc2 Bh7 11. e4 dxe4 12. Nxe4 Nxe4 13. dxe4 Qe7 14. Bd3 Nc5 15. Qc3 e5 16. Rfe1 Nxd3 17. Qxd3 Rad8 18. Qe2 Rd7 19. c5 Bc7 20.
b4 Rfd8 21. Rac1 Rd3 22. Rc3 Qd7 23. Rxd3 Qxd3 24. Qxd3 Rxd3 25. Bxe5 Bxe5 26. Nxe5 Rd4 27. a3 Bxe4 28. f3 Bd5 29.
Kf2 f6 30. Ng4 Rd3 31. Re3 Rd2+ 32. Re2 Rd3 33. Re3 Rd2+ 34. Re2 Rd3 35. Re3 Rd2+ 36. Re2 Rd3 1/2-1/2

[Event "NJSK 2023 Jeugd B"]
[Site "Almelo, Netherlands"]
[Date "2023.05.05"]
[Round "6.1"]
[White "Kumar, Prajit Sai"]
[Black "Labruyere, Roger"]
[Result "1-0"]
[TimeControl "90min/40moves + 30min + 30sec/move"]
[WhiteElo "2228"]
[BlackElo "2160"]

1. d4 Nf6 2. c4 g6 3. Nc3 Bg7 4.
e4 O-O 5. Nf3 d6 6. Be2 e5 7. Be3 Re8 8. d5 Nh5 9. g3 Nf6 10. Nd2 h5 11. h3 Qd7 12. Qc2 Kh7 13. g4 hxg4 14.
hxg4+ Kg8 15. f3 Nh7 16. O-O-O g5 17. c5 Qe7 18. b4 Bd7 19. Nb3 Rc8 20. Kb1 Be8 21. a4 Nd7 22. c6 bxc6 23.
dxc6 Ndf6 24. Na5 Rcb8 25. Qb2 a6 26. Ka1 Bf8 27. Rxh7 Kxh7 28. Bxg5 Bg7 29. Nd5 Nxd5 30. Bxe7 Nxe7 31.
Bc4 Kg8 32. Qc3 Rb6 33. Ka2 Bxc6 34. Nxc6 Nxc6 35. Rb1 Rab8 36. b5 axb5 37. Bxb5 Nd4 38. Bd3 Rxb1 39. Bxb1 c5 40. a5 Nc6 41.
Qd2 Bf8 42. Ka1 Ra8 43. Ba2 Nb4 44. Kb1 Be7 45. Bc4 Rxa5 46. Qh6 d5 47. exd5 Ra7 48. d6 Bf8 49. Qg5+ Bg7 50. Qd8+ Kh7 51.
d7 Nc6 52. Bd3+ 1-0

[Event "NJSK 2023 Jeugd B"]
[Site "Almelo, Netherlands"]
[Date "2023.05.05"]
[Round "6.2"]
[White "Van Foreest, Nanne"]
[Black "Smeets, Kobe"]
[Result "0-1"]
[TimeControl "90min/40moves + 30min + 30sec/move"]
[WhiteElo "1893"]
[BlackElo "2094"]

1. e4 c5 2. Nf3 e6 3. d4 cxd4 4. Nxd4 Nc6 5. Nc3 Qc7 6. g3 a6 7. Bg2 Nf6 8. O-O Nxd4 9. Qxd4 Bc5 10.
Bf4 d6 11. Qd2 h6 12. Rad1 e5 13. Be3 Bxe3 14. fxe3 Be6 15. Qxd6 Rc8 16. Qxc7 Rxc7 17. Rd2 Ke7 18. Nd5+ Bxd5 19.
exd5 Ne8 20. b3 Rc3 21. Rc1 Nd6 22. Rd3 Rhc8 23. Rxc3 Rxc3 24. e4 Nb5 25. Bf1 Nd4 26. Kf2 Rxc2+ 27. Rxc2 Nxc2 28. Bc4 Kd6 29. Bd3 Nb4 30. Bb1 a5 31. Ke3 Na6 32. g4 Kc5 33. Bd3 Nc7 34. Be2 Kb4 35. Bc4 Ne8 36.
a4 Kc3 37. Bb5 Nd6 38. Bc4 g5 39. h3 b6 40. Ke2 Nxe4 41. Ke3 Nd6 42. Ke2 Kd4 43. Kd2 f5 44. gxf5 Nxf5 45. Ke2 e4 46.
Kd2 Nd6 47. Ke1 Ke5 48. Ke2 Ne8 49. Ke3 Nd6 50. Ke2 Nf5 51. Kf2 Ne7 52. Ke3 Nxd5+ 0-1

[Event "NJSK 2023 Jeugd B"]
[Site "Almelo, Netherlands"]
[Date "2023.05.05"]
[Round "6.3"]
[White "Van Hesselingen, Guido"]
[Black "Van Arendonk, Polle"]
[Result "1-0"]
[TimeControl "90min/40moves + 30min + 30sec/move"]
[WhiteElo "1924"]
[BlackElo "1772"]

1. e4 e6 2. d4 d5 3. Nd2 c5 4. Ngf3 cxd4 5. Nxd4 Nc6 6.
Nxc6 bxc6 7. Bd3 Bd6 8. O-O Qc7 9. h3 Bd7 10. exd5 cxd5 11. c4 Nf6 12. cxd5 Nxd5 13. Nc4 Bc5 14.
Qg4 Kf8 15. Bd2 f5 16. Qe2 Bd4 17. Rac1 Kf7 18. Qf3 Bc6 19. Na5 Nc3 20. Nxc6 Nxa2 21. Ra1 1-0

[Event "NJSK 2023 Jeugd B"]
[Site "Almelo, Netherlands"]
[Date "2023.05.05"]
[Round "6.4"]
[White "Bakija, Alan"]
[Black "Ritzerveld, Noah"]
[Result "1-0"]
[TimeControl "90min/40moves + 30min + 30sec/move"]
[WhiteElo "1999"]
[BlackElo "1776"]

1. c4 e5 2. g3 c6 3. Nf3 e4 4. Nd4 d5 5. cxd5 Qxd5 6. Nc2 Nf6 7. Nc3 Qe5 8. Bg2 Na6 9. d4 exd3 10.
Qxd3 Bf5 11. Bxc6+ bxc6 12. Qxa6 Be4 13. Bf4 Qc5 14. Nxe4 Nxe4 15. O-O Bd6 16. Bxd6 Qxd6 17. Rad1 Qg6 18.
Nd4 O-O 19. Qxc6 Nf6 20. Qc2 Qh6 21. Qf5 Rab8 22. b3 a6 23. e3 Rb6 24. Rc1 g6 25. Qf3 Nd7 26. Rc7 Ne5 27. Qf4 Qh5 28.
Kg2 Nd3 29. Qe4 Nb4 30. a3 Nd5 31. Rc2 Rf6 32. g4 Qg5 33. Nf3 Nf4+ 34. Kg3 Nh5+ 35. Kh3 Qb5 36. Nd2 Ng7 37. Qc4 Qb7 38.
Ne4 Re6 39. f3 Qe7 40. Kg2 h5 41. h3 Qxa3 42. Rd1 Qe7 43. Rcd2 Qa7 44. Qc3 Qe7 45. Rd7 Qh4 46. Qe1 Qxe1 47.
Rxe1 f5 48. Ng5 Rb6 49. Red1 Rxb3 50. R1d6 Rb2+ 51. Kg3 Ne8 52. Rxg6+ Kh8 53. Rh7# 1-0

[Event "NJSK 2023 Jeugd B"]
[Site "Almelo, Netherlands"]
[Date "2023.05.05"]
[Round "6.5"]
[White "Blom, Rens"]
[Black "Van Egmond, Tom"]
[Result "1/2-1/2"]
[TimeControl "90min/40moves + 30min + 30sec/move"]
[WhiteElo "1747"]
[BlackElo "1767"]

1. c4 e5 2. Nc3 Nf6 3. Nf3 Nc6 4. a3 d5 5. cxd5 Nxd5 6. Qc2 Nxc3 7. bxc3 Bd6 8. e3 O-O 9. d4 Bg4 10.
Bd3 Kh8 11. h4 Bxf3 12. gxf3 exd4 13. cxd4 Re8 14. Bb2 Qe7 15. Bxh7 Bg3 16. O-O-O Bxf2 17. Qxf2 Kxh7 18. e4 Na5 19.
Rdg1 Nc4 20. Qg3 Qf6 21. e5 Qh6+ 22. f4 Nxb2 23. Kxb2 Rad8 24. Rd1 Rd5 25. Rh2 Qb6+ 26. Ka2 Rxd4 27.
Rg2 Qe6+ 28. Kb2 Qb6+ 29. Ka2 Qe6+ 30. Kb2 Qb6+ 31. Ka2 Qe6+ 1/2-1/2

[Event "NJSK 2023 Jeugd B"]
[Site "Almelo, Netherlands"]
[Date "2023.05.05"]
[Round "6.6"]
[White "Guillaumond, Matthieu"]
[Black "Niemeijer, Leon"]
[Result "1-0"]
[TimeControl "90min/40moves + 30min + 30sec/move"]
[WhiteElo "2010"]
[BlackElo "1903"]

1. e4 e6 2. d4 d5 3. Nc3 Nf6 4. e5 Nfd7 5. f4 c5 6. Nf3 Nc6 7. Be3 cxd4 8. Nxd4 Qb6 9. Qd2 Qxb2 10.
Rb1 Qa3 11. Bb5 Bb4 12. Rb3 Qa5 13. Bxc6 bxc6 14. Nxc6 Bxc3 15. Nxa5 Bxd2+ 16. Kxd2 f6 17. Bd4 fxe5 18. fxe5 O-O 19.
Rf3 Rxf3 20. gxf3 Nb6 21. Rb1 Rb8 22. Bxb6 Rxb6 23. Rxb6 axb6 24. Nc6 Kf7 25. Kc3 Bd7 26. Nd4 g5 27.
Kd3 Kg6 28. Ke3 Kh5 29. Kf2 Kh4 30. Kg2 h6 31. c3 Kh5 32. Kg3 Kg6 33. h4 Kh5 34. hxg5 hxg5 35. a3 b5 36. Kh3 Kh6 37.
Kg4 Kg6 38. Ne2 Kh6 39. Nc1 Be8 40. Nb3 Bd7 41. Na5 Kg6 42. Nb7 Bc8 43. Nd6 Bd7 44. f4 gxf4 45. Kxf4 Bc6 46. Ke3 Kg5 47.
Nf7+ Kf5 48. Kd4 Kf4 49. Kc5 Be8 50. Nd6 Bd7 51. Nxb5 Kxe5 52. a4 Ke4 53. Kd6 Bc8 54. Kc7 Ba6 55.
Kb6 Bxb5 56. Kxb5 Kd3 57. a5 Kxc3 58. a6 d4 59. a7 d3 60. a8=Q d2 61. Qc6+ Kb2 62. Qg2 Kc1 63. Qc6+ Kb2 64.
Qh1 Kc2 65. Qe4+ Kb2 66. Qd4+ Kc2 67. Qc4+ Kb2 68. Qd3 Kc1 69. Qc3+ Kd1 70. Kc4 e5 71. Kd3 e4+ 72. Ke3 1-0

[Event "NJSK 2023 Jeugd B"]
[Site "Almelo, Netherlands"]
[Date "2023.05.05"]
[Round "6.7"]
[White "Snijders, Take"]
[Black "Ponomarev, Ivan"]
[Result "1/2-1/2"]
[TimeControl "90min/40moves + 30min + 30sec/move"]
[WhiteElo "1851"]
[BlackElo "1788"]

1. e4 c5 2. Nf3 e6 3. d4 cxd4 4. Nxd4 Nc6 5. Nc3 a6 6. Bf4 d6 7. Bg3 Nf6 8. Nxc6 bxc6 9. e5 dxe5 10.
Qxd8+ Kxd8 11. O-O-O+ Nd5 12. Ne4 f5 13. Ng5 Ke8 14. Bxe5 Be7 15. Nf3 Kf7 16. Be2 Bb7 17. c4 Nb6 18.
Bc7 Na4 19. Ne5+ Kf6 20. Nd7+ Kf7 21. Nb6 Nxb6 22. Bxb6 c5 23. Bxc5 Bxg2 24. Rhg1 Bxc5 25. Rxg2 Rad8 26. f3 h6 27.
a3 a5 28. Kc2 Rxd1 29. Bxd1 Rb8 30. Rd2 g5 31. Kc3 e5 32. Kc2 Bd4 33. b3 Kf6 34. Be2 Kg6 35. h3 h5 36. Rd1 Kf6 37.
Rd3 Ke6 38. Rd1 Kd6 39. Rf1 Ke6 40. Rd1 Kd6 41. Rf1 Kc5 42. Rb1 Rb6 43. Kd2 h4 44. Kd3 e4+ 45. fxe4 fxe4+ 46. Kc2 Be5 47.
Rd1 Rd6 48. Rxd6 Bxd6 49. Kc3 Be5+ 50. Kd2 Bd4 51. b4+ axb4 52. axb4+ Kxb4 53. Bg4 Kxc4 54. Ke2 Kd5 55. Bc8 Ke5 1/2-1/2

[Event "NJSK 2023 Jeugd B"]
[Site "Almelo, Netherlands"]
[Date "2023.05.05"]
[Round "6.8"]
[White "Knippenberg, Hidde"]
[Black "Veraart, Jan"]
[Result "1-0"]
[TimeControl "90min/40moves + 30min + 30sec/move"]
[WhiteElo "1728"]
[BlackElo "1560"]

1. d4 d5 2. c4 e6 3. Nf3 Nf6 4. Nc3 c5 5. cxd5 exd5 6. e3 Bg4 7. Be2 Nc6 8. O-O Bd6 9. dxc5 Bxc5 10.
Nd4 Bd7 11. Nb3 Bd6 12. Nxd5 Nxd5 13. Qxd5 Be6 14. Qe4 Qc7 15. h4 O-O-O 16. Nd4 Bd5 17. Qg4+ Kb8 18. Nb5 Qe7 19. Nxd6 Rxd6 20.
e4 Bxe4 21. Bf4 Ne5 22. Qxg7 Re8 23. Bxe5 Qxe5 24. Qxe5 Rxe5 25. Rfe1 Rg6 26. Bf3 Rge6 27. Bxe4 Rxe4 28. Rxe4 Rxe4 29.
g3 Re2 30. Rb1 Kc7 31. Kf1 Rd2 32. h5 Rd5 33. Re1 Kd7 34. g4 Rd4 35. f3 f5 36. gxf5 Rh4 37. f6 Rxh5 38. Re7+ Kc6 39.
f7 Rf5 40. Kf2 a6 41. Ke3 b5 42. Ke4 Kd6 43. Ra7 1-0

[Event "NJSK 2023 Jeugd B"]
[Site "Almelo, Netherlands"]
[Date "2023.05.06"]
[Round "7.1"]
[White "Smeets, Kobe"]
[Black "Kumar, Prajit Sai"]
[Result "1-0"]
[TimeControl "90min/40moves + 30min + 30sec/move"]
[WhiteElo "2094"]
[BlackElo "2228"]

1. e4 c5 2. Nf3 Nc6 3. d4 cxd4 4. Nxd4 e5 5. Nb5 d6 6. N1c3 a6 7. Na3 Be6 8. Nc4 Rb8 9. a4 Nb4 10.
Be2 Rc8 11. Ne3 Nf6 12. O-O Be7 13. Ncd5 Nbxd5 14. exd5 Bd7 15. c4 a5 16. b4 axb4 17. Bd2 O-O 18. Bxb4 Ne4 19. Qb1 Nf6 20.
a5 Qc7 21. Qb3 Rb8 22. Rfb1 Ne4 23. Bd3 f5 24. Qc2 g6 25. Bxe4 fxe4 26. Qxe4 Rf4 27. Qc2 Rbf8 28. Be1 Bc8 29.
Rb6 R4f7 30. Rab1 Bg5 31. R1b3 Qc5 32. Qe2 Rf6 33. Rd3 e4 34. Rdb3 R6f7 35. Nd1 h5 36. Ne3 Qd4 37. Rxd6 Kh7 38.
Rdb6 Bh4 39. g3 Bg5 40. h4 Bd8 41. R6b5 Rf3 42. Qb2 Bf6 43. Qxd4 Bxd4 44. d6 R8f7 45. Rd5 Bxe3 46. Rxe3 Rxe3 47.
fxe3 Bh3 48. Bc3 Bd7 49. Rc5 Bc6 50. a6 Kg8 51. a7 Rf8 52. Rxc6 bxc6 53. d7 Kf7 54. Ba5 1-0